Cogmind - Beta 13 @@@ ROGUE MODE // 2024.05.04 @ 15:48:30 Player: Oldman Pu Result: Destroyed by G-50 Soldier with Heavy Laser Performance ------------- Evolutions (5) 2500 Regions Visited (4) 800 Robots Destroyed (96) 480 Value Destroyed (2700) 2700 Prototype IDs (18) 360 Alien Tech Used (0) 0 Bonus (166) 166 TOTAL SCORE: 7006 Bonus ------- High Alert Combat Kills 191 Friendly Fire -25 Cogmind --------- Core Integrity 0/1000 Matter 300/300 Energy 100/100 System Corruption 21% Temperature Cool (9) Movement Core (700) Ox13 Location -5/Factory Parts ------- > --- POWER (2) -------- (None) > --- PROPULSION (4) --- Armored Medium Treads > --- UTILITY (7) ------ High-capacity Storage Unit > --- WEAPON (4) ------- (None) > --- INVENTORY (20) --- (None) Peak State ------------ > --- POWER ------------ Micro Fission Core Micro Fission Core > --- PROPULSION ------- Wheeled Antigrav-Aerolev Exoskeleton > --- UTILITY ---------- Armored Scrap Engine Improved Heat Sink Improved Heat Sink Improved Heat Sink High-capacity Storage Unit Improved Light Armor Plating > --- WEAPON ----------- Heavy Assault Rifle Heavy Assault Rifle Hpw. EM Tesla Construct/G Hpw. Charged Shock Construct/G > --- INVENTORY -------- Light Angular Momentum Engine Micro Fission Core Armored Medium Treads Improved Heat Sink Improved Heat Sink Improved Heat Sink Improved Heat Sink Improved Heat Sink Cooling System Hardened Heavy Armor Plating Beam Rifle Beam Rifle Spread Laser Subdweller Laser Subdweller Laser Heavy Laser Powered Cannon Heavy Assault Rifle [Rating: 78] Favorites ----------- Power Micro Fission Core Engine Ion Engine Power Core Micro Fission Core Reactor Fusion Reactor Propulsion Wheel Treads Armored Medium Treads Wheel Wheel Hover Unit Cooled Aerolev Unit Utility Improved Heat Sink Device Improved Heat Sink Storage Humpback Processor Advanced Signal Interpreter Protection Improved Light Armor Plating Weapon Battle Rifle Energy Gun Beam Rifle Energy Cannon Subdweller Beam Cannon Ballistic Gun Battle Rifle Build | -11 -10 -10 -7 -5 ------- Run | Yrd Mat Sub Rec Fac Slots Evolved 10 | . . . . 10 Power 1 | . . . . 1 Propulsion 2 | . . . . 2 Utility 5 | . . . . 5 Weapon 2 | . . . . 2 Parts Attached 83 | 6 13 12 . 52 Power 14 | 1 2 1 . 10 Engine 8 | 1 2 1 . 4 Core 5 | . . . . 5 Reactor 1 | . . . . 1 Propulsion 12 | 2 4 1 . 5 Treads 1 | . . . . 1 Leg . | . . . . . Wheel 10 | 2 4 1 . 3 Hover 1 | . . . . 1 Flight . | . . . . . Utility 27 | 1 2 1 . 23 Device 19 | . 1 . . 18 Storage 4 | 1 1 1 . 1 Processor 1 | . . . . 1 Hackware . | . . . . . Protection 3 | . . . . 3 Artifact . | . . . . . Weapon 30 | 2 5 9 . 14 Energy Gun 17 | 1 4 5 . 7 Energy Cannon 3 | . . 2 . 1 Ballistic Gun 10 | 1 1 2 . 6 Ballistic Cannon . | . . . . . Launcher . | . . . . . Special Weapon . | . . . . . Impact Weapon . | . . . . . Slashing Weapon . | . . . . . Piercing Weapon . | . . . . . Special Melee Weapon . | . . . . . Unidentified Prototypes 2 | . . . . 2 Parts Lost 45 | . 1 3 . 41 Power 7 | . . 1 . 6 Propulsion 8 | . . 1 . 7 Utility 13 | . . . . 13 Weapon 17 | . 1 1 . 15 Highest Loss Streak 12 | . 1 3 . 12 To Critical Strikes . | . . . . . Average Slot Usage (%) 81 | . 99 88 85 68 Engine 8 | . 14 13 14 2 Core 3 | . . . . 8 Wheel 20 | . 28 27 28 9 Device 10 | . 13 3 . 16 Storage 10 | . 14 14 14 4 Energy Gun 8 | . 25 5 . 7 Energy Cannon 5 | . . 9 14 2 Ballistic Gun 9 | . 2 12 14 7 Naked Turns . | . . . . . Heaviest Build 234 | 13 22 215 215 234 Greatest Support 70 | 26 32 30 30 70 Greatest Overweight (x) 18 | 2 . 8 7 18 Average Overweight (x) 3 | . . 4 7 3 Largest Inventory Capacity 35 | 8 10 35 35 35 Average Capacity 26 | 7 9 28 35 27 Most Carried 35 | . 10 27 34 35 Average Carried 20 | . 8 17 33 21 Final Capacity 35 | 8 10 35 35 20 Final Carried 34 | . 10 25 34 . Scrap Engine Consumption 111 | . . . . 111 Constructs Created 7 | . . . . 7 Constructs Modified 25 | . . . . 25 Class Distribution -------------------- 41% | Hauler-Mutant 15% | Mutant 12% | Hauler-Gunner 11% | Scavenger-Gunner 9% | Scavenger-Mutant 3% | Tank Dominant Class ---------------- Mutant | -10/Materials Hauler-Mutant | -10/Subcaves Hauler-Mutant | -7/Recycling Hauler-Gunner | -5/Factory Resources | -11 -10 -10 -7 -5 ----------- Run | Yrd Mat Sub Rec Fac Matter Collected 1907 | 155 264 282 . 1206 Remotely . | . . . . . Salvage Created 4330 | . 546 215 . 3569 Parts 211 | . 42 16 . 153 Haulers Intercepted 3 | . 2 . . 1 Recyclers Shooed 11 | . . . . 11 Parts Field Recycled . | . . . . . Retrieved Matter . | . . . . . Parts Self-Destructed 13 | . . 13 . . Prevented . | . . . . . Kills | -11 -10 -10 -7 -5 ------- Run | Yrd Mat Sub Rec Fac Combat Hostiles Destroyed 49 | . 9 7 . 33 Guns 38 | . 9 5 . 24 Cannons 4 | . . 2 . 2 AOE 3 | . . . . 3 Classes Destroyed 19 | . 7 2 . 10 Worker 19 | . 4 . . 15 Builder 7 | . 1 . . 6 Tunneler 2 | . . . . 2 Hauler 3 | . 2 . . 1 Recycler 8 | . 1 . . 7 Mechanic 1 | . . . . 1 Operator 1 | . . . . 1 Turret 2 | . . 2 . . Watcher 4 | . 3 . . 1 Swarmer 11 | . 6 4 . 1 Grunt 15 | . 3 . . 12 Brawler 1 | . . . . 1 Duelist 1 | . . . . 1 Protector 1 | . . . . 1 Sentry 2 | . . . . 2 Specialist 1 | . . . . 1 Hunter 1 | . . . . 1 Programmer 12 | . . . . 12 Subdweller 3 | . . 3 . . Thug 1 | . . . . 1 Best Kill Streak 5 | . 5 4 . 4 Combat Bots Only 4 | . 3 4 . 4 Max Kills in Single Turn 2 | . 1 1 . 2 Gunslinging . | . . . . . Exploded 2 | . . . . 2 Melee . | . . . . . Uniques/NPCs Destroyed . | . . . . . Combat | -11 -10 -10 -7 -5 -------- Run | Yrd Mat Sub Rec Fac Hostile Shots Fired 620 | . 49 76 . 495 Missed 170 | . 6 25 . 139 Damage Taken 7727 | . 497 414 . 6816 Core 1235 | . 137 90 . 1008 Absorbed by Shields . | . . . . . Regen/Repaired (Parts) 394 | . . . . 394 Core Remaining (%) 54 | 100 . . 9 . Volleys Fired 302 | . 58 71 . 173 Largest 4 | . 2 2 . 4 Hottest 241 | . 112 130 . 241 Shots Fired 809 | . 113 141 . 555 Gun 712 | . 113 95 . 504 Cannon 97 | . . 46 . 51 Launcher . | . . . . . Special . | . . . . . Kinetic 273 | . 34 59 . 180 Thermal 445 | . 79 82 . 284 Explosive . | . . . . . Electromagnetic 91 | . . . . 91 Robot Hit Streak 18 | . 14 7 . 18 Robot Miss Streak 6 | . 5 3 . 6 Penetration Max 1 | . . . . 1 Secondary Targets 4 | . . . . 4 Max Gunslinging Chain 1 | . . . . 1 Shots Hit Robots 445 | . 64 27 . 354 Core Hits 229 | . 28 10 . 191 Critical Kills 4 | . 1 1 . 2 Critical Parts Destroyed . | . . . . . Critical Strikes 14 | . 2 2 . 10 Burn 8 | . 1 . . 7 Meltdown 2 | . . . . 2 Destroy 3 | . 1 2 . . Corrupt 1 | . . . . 1 Melee Attacks . | . . . . . Impact . | . . . . . Slashing . | . . . . . Piercing . | . . . . . Sneak Attacks . | . . . . . Combat Hostiles . | . . . . . Follow-up Attacks . | . . . . . Damage Inflicted 9367 | . 781 557 . 8029 Guns 7360 | . 781 291 . 6288 Cannons 1423 | . . 266 . 1157 Explosions 584 | . . . . 584 Melee . | . . . . . Ramming . | . . . . . Kinetic 2233 | . 165 215 . 1853 Thermal 5455 | . 616 342 . 4497 Explosive 457 | . . . . 457 Electromagnetic 1222 | . . . . 1222 Impact . | . . . . . Slashing . | . . . . . Piercing . | . . . . . Highest Corruption 21 | . . . . 21 Average Corruption 10 | . . . . 10 Corruption Purged . | . . . . . Corruption Blocked . | . . . . . Effects 118 | . . . . 118 Message Errors 31 | . . . . 31 Matter Fused 23 | . . . . 23 Heat Flow Errors 9 | . . . . 9 Energy Discharges 12 | . . . . 12 Parts Rejected 3 | . . . . 3 Parts Fused 1 | . . . . 1 Data Loss (minor) 10 | . . . . 10 Data Loss (major) 3 | . . . . 3 Misfires 7 | . . . . 7 Alerts 3 | . . . . 3 Misdirections 2 | . . . . 2 Weapon Failures 14 | . . . . 14 Overload Shots . | . . . . . Overflow Damage 33 | . . 15 . 18 Projectiles 27 | . . 15 . 12 Explosions 6 | . . . . 6 Melee . | . . . . . Knockbacks . | . . . . . Impact . | . . . . . Kinetic . | . . . . . Secondary . | . . . . . Self-Inflicted Damage 137 | . . . . 137 Shots 3 | . . . . 3 Rammed . | . . . . . Targets Rammed . | . . . . . Kicked . | . . . . . Crushed . | . . . . . Highest Temperature 349 | . 264 48 . 349 Average Temperature 65 | . 58 19 . 82 Received Heat Transfer 2117 | . 171 132 . 1814 Effects 3 | . . . . 3 Energy Bleed 2 | . . . . 2 Damage (minor) 1 | . . . . 1 Siege Activations . | . . . . . Robots Corrupted 1 | . . . . 1 Combat Hostiles 1 | . . . . 1 Parts Fried 4 | . . . . 4 Impact Corruptions . | . . . . . Robots Melted 3 | . . . . 3 Combat Hostiles 3 | . . . . 3 Parts Melted 19 | . 4 . . 15 Heat Transferred 6635 | . 1692 494 . 4449 Parts Sabotaged . | . . . . . Parts Stolen . | . . . . . Parts Stripped . | . . . . . Power Chain Reactions 2 | . . . . 2 Alert | -11 -10 -10 -7 -5 ------- Run | Yrd Mat Sub Rec Fac Peak Influence 790 | . 233 . 297 790 Initial 288 | . . . 288 100 Average 147 | . 65 . 134 183 Maximum Alert Level 3 | . 1 . 1 3 Low Security (%) 72 | 100 98 . 65 64 Level 1 14 | . 1 . 34 13 Level 2 11 | . . . . 19 Level 3 1 | . . . . 2 Level 4 . | . . . . . Level 5 . | . . . . . High Security . | . . . . . Max Security . | . . . . . Squads Dispatched 14 | . . . . 14 Investigation . | . . . . . Extermination 7 | . . . . 7 Reinforcement 4 | . . . . 4 Assault 1 | . . . . 1 Garrison 2 | . . . . 2 Intercept . | . . . . . Searches Triggered . | . . . . . Construction Impeded 2 | . . . . 2 Haulers Reinforced . | . . . . . Active Scanning Responses . | . . . . . Cargo Convoy Interrupts . | . . . . . Stealth | -11 -10 -10 -7 -5 --------- Run | Yrd Mat Sub Rec Fac Distress Signals 2 | . 1 . . 1 Communications Jammed . | . . . . . Distress Signals . | . . . . . Times Spotted 99 | . 20 28 . 51 Peak Tracking Total 7 | . 5 6 . 7 Tactical Retreats 9 | . . 4 . 5 Traps | -11 -10 -10 -7 -5 ------- Run | Yrd Mat Sub Rec Fac Traps Triggered 3 | . 1 . . 2 Indirectly . | . . . . . Trap Hack Attempts . | . . . . . Triggered . | . . . . . Disarmed . | . . . . . Reprogrammed . | . . . . . Reused . | . . . . . Traps Extracted . | . . . . . Installed . | . . . . . Triggered . | . . . . . Machines | -11 -10 -10 -7 -5 ---------- Run | Yrd Mat Sub Rec Fac Machines Disabled 10 | . . 2 . 8 Max in Single Turn 3 | . . 1 . 3 Garrison Access 1 | . . . . 1 Machines Repaired . | . . . . . Machines Dismantled . | . . . . . Machines Sabotaged . | . . . . . Overloaded Fab Kills . | . . . . . Hacking | -11 -10 -10 -7 -5 --------- Run | Yrd Mat Sub Rec Fac Machines Accessed 17 | . 8 1 5 3 Terminals 14 | . 7 . 5 2 Fabricators . | . . . . . Repair Stations 1 | . 1 . . . Recycling Units . | . . . . . Scanalyzers 1 | . . . . 1 Garrison Access . | . . . . . Total Hacks 42 | . 17 9 12 4 Successful 28 | . 10 9 7 2 Failed 14 | . 7 . 5 2 Catastrophic 2 | . . . 2 . Database Lockouts . | . . . . . Manual . | . . . . . Terminals 30 | . 15 . 12 3 Fabricators . | . . . . . Repair Stations 2 | . 2 . . . Recycling Units . | . . . . . Scanalyzers 1 | . . . . 1 Garrison Access . | . . . . . Terminal Hacks 28 | . 10 9 7 2 Record 15 | . 3 8 4 . Robot Analysis 1 | . 1 . . . Prototype ID Bank 1 | . . . 1 . Open DSF 1 | . . . . 1 Branch Access Points 2 | . 1 . 1 . Emergency Access Points 1 | . 1 . . . Locate Traps 2 | . 2 . . . Dispatch Records 1 | . 1 . . . Transport Status 1 | . 1 . . . Investigation Status 1 | . . . 1 . Hauler Manifests 1 | . . . . 1 Derelict Proto ID Bank 1 | . . 1 . . Fabricator Hacks . | . . . . . Repair Station Hacks . | . . . . . Recycling Unit Hacks . | . . . . . Scanalyzer . | . . . . . Garrison Access Hacks . | . . . . . Unauthorized Hacks . | . . . . . Terminals . | . . . . . Fabricators . | . . . . . Repair Stations . | . . . . . Recycling Units . | . . . . . Scanalyzers . | . . . . . Garrison Access . | . . . . . Data Cores Recovered . | . . . . . Used . | . . . . . Hacking Detections 11 | . 5 . 4 2 Full Trace Events 2 | . . . 2 . Feedback Events . | . . . . . Feedback Blocked . | . . . . . Robot Schematics Acquired . | . . . . . Robots Built . | . . . . . Authchips . | . . . . . Time . | . . . . . Total Robot Build Rating . | . . . . . Part Schematics Acquired . | . . . . . Parts Built . | . . . . . Authchips . | . . . . . Time . | . . . . . Total Part Build Rating . | . . . . . Parts Repaired . | . . . . . Time . | . . . . . Parts Recycled . | . . . . . Recycled Matter . | . . . . . Retrieved Matter . | . . . . . Retrieved Components . | . . . . . Parts Scanalyzed . | . . . . . Part Schematics Acquired . | . . . . . Parts Damaged . | . . . . . Bothacking | -11 -10 -10 -7 -5 ------------ Run | Yrd Mat Sub Rec Fac Used RIF Installer . | . . . . . Robots Hacked . | . . . . . Non-combat . | . . . . . Combat . | . . . . . Robot Hacks Applied . | . . . . . Relay Couplers Released 3 | . . . . 3 Machine Destruction 3 | . . . . 3 Fabnet Peak Effective % . | . . . . . Robots Rewired . | . . . . . Allies Hacked . | . . . . . Hacks Repelled . | . . . . . Allies | -11 -10 -10 -7 -5 -------- Run | Yrd Mat Sub Rec Fac Total Allies . | . . . . . Largest Group . | . . . . . Highest-Rated Group . | . . . . . Highest-Rated Ally . | . . . . . Total Orders . | . . . . . Ally Attacks . | . . . . . Total Damage . | . . . . . Kills . | . . . . . Allies Corrupted . | . . . . . Allies Melted . | . . . . . Intel | -11 -10 -10 -7 -5 ------- Run | Yrd Mat Sub Rec Fac Robot Analysis Total 1 | . 1 . . . Derelict Logs Recovered . | . . . . . Drone Launches . | . . . . . Drone Recoveries . | . . . . . Exploration | -11 -10 -10 -7 -5 ------------- Run | Yrd Mat Sub Rec Fac Turns Passed 8665 | 40 1376 2380 1145 3724 Spaces Moved 4771 | 32 843 1299 620 1977 Core 12 | 12 . . . . Treads . | . . . . . Legs 58 | . . . . 58 Wheels 4663 | 20 843 1299 620 1881 Hover 38 | . . . . 38 Flight . | . . . . . Fastest Speed 50 | 50 90 90 179 85 Average Speed 142 | 96 91 158 179 143 Slowest Speed 360 | 150 100 210 179 360 Overloaded Moves 28 | . . . . 28 Propulsion Burnouts . | . . . . . Robots Hopped . | . . . . . Cave-ins Triggered . | . . . . . Exploration Rate (%) 58 | 3 98 66 99 24 Regions Visited 4 Branch Regions 2 Pre-discovered Areas 1 | . . 1 . . Known Exits Taken . | . . . . . Unknown Exits Taken 4 | 1 1 1 1 . Scrap Searched 3 | . . 3 . . Spaces Dug . | . . . . . Terrain Destroyed 85 | . . 3 . 82 Melee . | . . . . . Projectile 10 | . . 3 . 7 AOE 75 | . . . . 75 Terrain Rammed . | . . . . . Walls Destroyed . | . . . . . Machines Disabled . | . . . . . Actions | -11 -10 -10 -7 -5 --------- Run | Yrd Mat Sub Rec Fac Total 6022 | 37 1344 1483 657 2501 Wait 742 | . 408 67 24 243 Move 4767 | 31 842 1298 619 1977 Hop . | . . . . . Pick Up 76 | . 12 27 9 28 Fast Attach 22 | 6 2 1 . 13 Attach 39 | . . 6 . 33 Detach 3 | . . . . 3 Swap 22 | . 11 5 . 6 Drop 47 | . 11 8 3 25 Fire 302 | . 58 71 . 173 Melee . | . . . . . Ram . | . . . . . Kick . | . . . . . Crush . | . . . . . Escape Stasis . | . . . . . Rewire 2 | . . . 2 . Trap . | . . . . . Miscellaneous . | . . . . . Route ------- -11/Scrapyard -10/Materials (discovered 6 exits: [*Mat x3] / *Min x2 / *Sub) -10/Subcaves -7/Recycling -5/Factory History --------- Turn | Location | Event 13 | -11/Scrapyard | Discovered new exit (range 15) 41 | -11/Scrapyard | Entered Materials 407 | -10/Materials | Core integrity fell below 50% 423 | -10/Materials | Discovered new exit (range 14) 425 | -10/Materials | Identified exit to Mines 477 | -10/Materials | Build established: Scavenger-Mutant 480 | -10/Materials | Discovered new exit (range 12) 657 | -10/Materials | Discovered new exit (range 5) 736 | -10/Materials | Discovered new exit (range 6) 852 | -10/Materials | Build established: Mutant 1410 | -10/Materials | Discovered new exit (range 7) 1417 | -10/Materials | Entered Subcaves 1423 | -10/Subcaves | Learned location of Zion (-7) 1423 | -10/Subcaves | Met a Zionite searching for "candidates" 1864 | -10/Subcaves | Build established: Scavenger-Mutant 2019 | -10/Subcaves | Visited 4L-MR0's lab 2141 | -10/Subcaves | Found Prototype Energy Cannon 2171 | -10/Subcaves | Identified Powered Cannon 2333 | -10/Subcaves | Build established: Hauler-Mutant 2653 | -10/Subcaves | Shifting Twisted Machinery released Sub. Laser 2656 | -10/Subcaves | Shifting Twisted Machinery released Flamer 3630 | -10/Subcaves | Shifting Twisted Machinery released Sub. Beam Cannon 3633 | -10/Subcaves | Shifting Twisted Machinery released Sub. Beam Cannon 3675 | -10/Subcaves | Discovered new exit (range 16) 3708 | -10/Subcaves | Core integrity fell below 20% 3772 | -10/Subcaves | Lost 3 parts (1p1n1w) 3797 | -10/Subcaves | Entered Recycling 3798 | -7/Recycling | Joined Warlord attack on 0b10 via Recycling 3806 | -7/Recycling | Found Scrap Engine 4090 | -7/Recycling | Discovered new exit (range 5) 4942 | -7/Recycling | Entered Factory 4942 | -5/Factory | Evolved 10 slots: Power x1, Propulsion x2, Utility x5, Weapon x2 5554 | -5/Factory | Build established: Hauler-Gunner 5890 | -5/Factory | Lost 3 parts (3w) 6129 | -5/Factory | Build established: Hauler-Mutant 6586 | -5/Factory | Lost 5 allies 6681 | -5/Factory | Build established: Hauler-Gunner 6800 | -5/Factory | P-70 Sage assimilated allied 3F-6DB(g) 6822 | -5/Factory | System corruption reached 10% 6827 | -5/Factory | Lost 4 allies 6927 | -5/Factory | Lost 3 parts (1p1u1w) 7288 | -5/Factory | Build established: Tank 7403 | -5/Factory | Lost 3 parts (1u2w) 7604 | -5/Factory | Lost 3 parts (1u2w) 7870 | -5/Factory | Spotted B-75 Beast 7933 | -5/Factory | Build established: Scavenger-Gunner 7954 | -5/Factory | Garrison activated, responded to threat 8335 | -5/Factory | Garrison activated, responded to threat 8463 | -5/Factory | Core integrity fell below 50% 8481 | -5/Factory | Attached Powered Cannon, gained temporary slot: Power 8509 | -5/Factory | Lost 7 parts (2p2u3w) 8618 | -5/Factory | Core integrity fell below 20% 8666 | -5/Factory | Destroyed by G-50 Soldier with Heavy Laser Last Messages --------------- 08641_ ALERT: Hostiles spotted, dispatching reinforcements to Terminal F019. 08641_ O-16 Technician locks terminal. 08643_ Wheeled Antigrav-Aerolev Exoskeleton destroyed. 08643_ Wheeled Antigrav-Aerolev Exoskeleton core remains intact and functional. 08646_ Critical hit (Burn: +50). 08646_ Acquired Prototype Reactor. 08646_ Identified Fusion Reactor. 08651_ System corrupted: Matter fused (-5). 08651_ Penetrated by Slug. 08651_ Slug penetrates Wall. 08653_ Wheeled Antigrav-Aerolev Exoskeleton destroyed. 08653_ Wheeled Antigrav-Aerolev Exoskeleton core remains intact and functional. 08656_ Scrap Engine destroyed. 08657_ Penetrated by Slug. 08657_ Wheeled Antigrav-Aerolev Exoskeleton destroyed. 08664_ Penetrated by Slug. 08665_ Fusion Reactor destroyed. Map ----- +----------------------------------------------------+ | ?????????????? #??""""???????????? | | ????????????? #????"????????????? | | ?????????????? #?????????????????? | | ????????????????######## ###?????????????????? | | ???????????????????????# #???????????????????? | | ???????????????????????# #???????????????????? | | ???????????????????????# #???????????????????? | | ???????????????????????# #???????????????????? | | ???????????????????????# #???????????????????? | | ???????????????????????# #???????????????????? | | ???????????????????????# #???????????????????? | | ???????????????????????# #???????????????????? | | ???????????????????????+ #???????????????????? | | ???????????????????????# +???????????????????? | | ???????????????????????#^ g #???????????????????? | | ????????????? ?????????#^ #???????????????????? | | ???????????? ???????## ##??????????????????? | | ??????????? ?????# #??????????????????? | | ??????????# ##### g #??????????????????? | | ??????????# o #??????????????????? | | ??????????# T g + """"?????????????? | | ??????????# ! ggg # ???????????? | | ??????????# #### !#! ""T??????????? | | ??????????? ????# #? ""???????????? | | ???????????? ?????### ###??#####???????????? | | ????????????????????????#@ #????????????????????? | | ????????????????????????# #????????????????????? | | ????????????????????????# #????????????????????? | | ????????????????????????# #????????????????????? | | ????????????????????????# #????????????????????? | | ????????????????????????# #????????????????????? | | ????????????????????????# +????????????????????? | | ????????????????????????# h#????????????????????? | | ????????????????????????# #????????????????????? | | ????????????????????????? #????????????????????? | | ????????????????????????? #????????????????????? | | ????????????????????????? ????????????????????? | | ????????????????????????? ????????????????????? | | ????????????????????????? ????????????????????? | | ?????????????????????????# ##????????????????????? | | ??????????????????????????k??????????????????????? | | ?????????????????????????????????????????????????? | | ?????????????????????????????????????????????????? | | ?????????????????????????????????????????????????? | | ?????????????????????????????????????????????????? | | ?????????????????????????????????????????????????? | | ?????????????????????????????????????????????????? | | ?????????????????????????????????????????????????? | | ?????????????????????????????????????????????????? | | ?????????????????????????????????????????????????? | +----------------------------------------------------+ Best States ------------- Heat Dissipation 96 Coolant Potential 65 Energy Generation 28 Energy Capacity 350 Matter Stores 300 Matter Capacity 300 Sight Range 16 Terrain Scan Density 10 Armor Coverage 600 Evasion (%) 42 Item Schematics ----------------- None Robot Schematics ------------------ None Fabricated ------------ Nothing Alien Tech Used ----------------- None Achievements -------------- None Challenges ------------ None Game ------ Seed ThrusterExperimentalField Manual? 0 Play Time 01:10:42 Cumulative 295.8 hours Start 2024.05.04 @ 14:19:58 End 2024.05.04 @ 15:48:30 Sessions 1 Manual Loads 0 Difficulty Rogue Special Mode None Game No. 245 Rogue 233 Adventurer 12 Explorer 0 Win Type - Total 1 Types 1/0/0/0/0/0/0/0/0 Lore% 34 Gallery% 52 Achievement% 37 Wizard Run 0 Options --------- Layout 1 ASCII 0 Keyboard 0 Movement Mouse Keybinds 0 Fullscreen 1 Font 32/SmallcapsGlow Map View 77x35 Zoom Use 0% Tactical HUD 1 Map Filters NONE Filters NONE Steam 1 RUN: e1e6b97c-09c0-4cd5-9e78-48f6a56799f0